Map: Cyber Forest LE

Players

Neeb - Winner!

  • Race: Protoss Protoss
  • League: Master
  • Spawn Location: 11:00

scarlett

  • Race: Zerg Zerg
  • League: Master
  • Spawn Location: 5:00

Event: 2019 WCS Winter Americas

VOD

Have the link to the VOD?

Description

Time

  • Played on: April 6, 2019, 5:48 p.m.
  • Length: 6:21

All games in this series

Show
View Real Time Build Order
Export as new Build Order

Neeb Protoss - Winner!

Build Orders:  

Get SALT Encoding   

  12  0:00  Probe  
  13  0:12  Probe  
  14  0:18  Pylon  
  14  0:25  Probe  
  15  0:35  Probe  
  15  0:36  Gateway  
  16  0:43  Probe  
  17  0:51  Assimilator  
  17  0:53  Probe  
  18  1:05  Probe  
  19  1:24  Cybernetics Core  
  19  1:27  Probe  
  19  1:30  Pylon  
  19  1:31  Zealot  
  22  1:33  Assimilator  
  22  1:37  Gateway  
  22  1:44  Probe  
  23  1:48  Pylon  
  23  1:51  Stalker  
  23  1:56  Probe  
  26  2:09  Probe, Shield Battery  
  26  2:13  Stalker  
  29  2:23  Probe  
  30  2:30  Stalker  
  31  2:40  Shield Battery  
  31  2:43  Shield Battery  
  31  2:50  Stalker  
  31  2:56  Warp Gate  
  33  3:03  Stalker  
  33  3:13  Gateway  
  33  3:17  Shield Battery  
  33  3:18  Zealot  
  35  3:32  Gateway  
  31  3:35  Sentry  
  31  3:42  Shield Battery  
  33  3:53  Robotics Facility  
  31  3:56  Sentry  
  31  4:02  Pylon  
  33  4:05  Sentry  
  35  4:25  Cybernetics Core  
  35  4:29  Pylon  
  35  4:37  Cybernetics Core  
  35  4:44  Sentry x2  
  35  4:45  Zealot  
  39  5:01  Warp Prism  
  39  5:02  Gateway  
  37  5:13  Sentry  
  41  5:15  Zealot  
  41  5:16  Zealot  
  45  5:25  Pylon  
  45  5:49  Sentry  
  51  5:55  Zealot, Sentry  
  55  5:59  Pylon  
Show
View Real Time Build Order
Export as new Build Order

scarlett Zerg 

Build Orders: Pool First 

Get SALT Encoding   

  12  0:00  Drone  
  13  0:12  Overlord  
  13  0:17  Drone  
  14  0:30  Drone x2  
  14  0:34  Drone  
  17  0:42  Extractor  
  16  0:47  Drone  
  17  0:50  Spawning Pool  
  17  0:56  Drone  
  17  1:18  Hatchery  
  16  1:20  Drone  
  16  1:25  Drone  
  18  1:37  Zergling x2  
  19  1:40  Queen  
  19  1:44  Zergling x2  
  22  1:50  Metabolic Boost  
  22  1:57  Extractor  
  22  1:58  Zergling x2  
  23  2:01  Overlord  
  23  2:20  Zergling x2  
  24  2:24  Zergling x2  
  24  2:29  Queen  
  24  2:31  Spine Crawler  
  24  2:32  Zergling x2  
  24  2:33  Zergling x2  
  27  2:41  Zergling x2  
  27  2:43  Spine Crawler  
  28  2:44  Spine Crawler  
  28  2:45  Zergling x2  
  28  2:49  Zergling x2  
  29  2:51  Zergling x2  
  29  2:54  Zergling x2  
  31  2:58  Spine Crawler  
  31  3:00  Zergling x2  
  31  3:03  Zergling x2  
  31  3:10  Zergling x4  
  33  3:13  Drone  
  34  3:24  Zergling x4  
  33  3:28  Spine Crawler  
  33  3:32  Zergling x2  
  30  3:40  Zergling x2  
  31  3:44  Spine Crawler  
  31  3:47  Zergling x4  
  32  3:52  Zergling x2  
  33  3:57  Overlord  
  33  4:01  Zergling x2  
  34  4:11  Zergling x2  
  34  4:12  Zergling x2  
  35  4:23  Zergling x6  
  37  4:24  Zergling x2  
  37  4:25  Zergling x2  
  37  4:28  Zergling x2  
  38  4:35  Zergling x2  
  38  4:44  Zergling x2  
  37  4:48  Zergling x2  
  37  4:49  Zergling x6  
  37  4:53  Zergling x2  
  37  4:56  Zergling x2  
  34  5:02  Zergling x2  
  32  5:08  Drone x2  
  32  5:18  Zergling x6  
  35  5:26  Zergling x6  
  38  5:37  Zergling x4  
  41  5:48  Zergling x2  
  43  5:54  Zergling x2  
Tags
 
Add a new tag
Caveats
  • Supply blocks, unpowered buildings, or Contaminate may cause inaccurate times.
  • Supply counts are checked every 10 seconds.